cohdb
Replays
Latest Replays
All Replays
Popular Replays
Top Player Replays
Match Explorer
How It Works
Community
CoH3 Stats
Reddit
Sign in to upload your games and track your stats! →
Sign in with Steam
Match 43256721
Unlisted
Match 43256721
Overview
Messages
Build Orders
End
Vickers Machine Gun Team
Construct Section Command Post
Selects Heavy Armor Battlegroup
Infantry Section
Royal Engineer Section
ML 3-inch Mortar Team
Infantry Section
Infantry Section
Grenade Package
Construct Platoon Command Post
Unlock M3 Stuart Light Tanks
Construct Field Infirmary
Selects Engineer Detachments
M3 Stuart Light Tank
Cpt. FusselBart
Serial Chiller
SquidwardTentacles420
sheep
库腾堡剑圣五河士道
Sir Toady
Papa Chulo
Terran
0
0
Comments
sign in to comment!
No comments posted yet!